 Dungeon Crawl Stone Soup version 0.22.1-1-ga44c0e5 (webtiles) character file.

29 ramoff the Charlatan (level 3, -2/18 HPs)
             Began as a Spriggan Artificer on Nov 2, 2018.
             Slain by a leopard gecko (3 damage)
             ... on level 2 of the Dungeon.
             The game lasted 00:23:08 (1796 turns).

ramoff the Charlatan (Spriggan Artificer)           Turns: 1796, Time: 00:23:09

Health: -2/18      AC:  2    Str:  9    XL:     3   Next: 1%
Magic:  7/7        EV: 19    Int: 12    God:
Gold:   65         SH:  0    Dex: 16    Spells: 2/2 levels left

rFire    . . .     SeeInvis +   x - -3 short sword (curse)
rCold    . . .     Gourm    .   (shield restricted)
rNeg     + . .     Faith    .   b - +0 robe
rPois    .         Spirit   .   (helmet restricted)
rElec    .         Reflect  .   (no cloak)
rCorr    .         Harm     .   (gloves unavailable)
MR       .....                  (boots unavailable)
Stlth    ++........             n - amulet of the acrobat
HPRegen  0.06/turn              v - ring of positive energy
MPRegen  0.10/turn              (no ring)

@: very quick
A: very small, unfitting armour, see invisible, herbivore, speed 3, slow
metabolism 2
a: no special abilities


You were on level 2 of the Dungeon.
You were full.

You visited 1 branch of the dungeon, and saw 2 of its levels.

You collected 65 gold pieces.

Inventory:

Hand Weapons
 a - a +0 short sword
 h - a +0 club
 j - a +0 whip
 l - a +0 short sword
 m - a +0 whip
 r - a +0 hunting sling
 x - a cursed -3 short sword (weapon)
 y - a +0 short sword
Missiles
 p - 18 arrows
 u - 46 stones (quivered)
Armour
 b - a +0 robe (worn)
 i - a +0 scale mail
 q - a +0 cloak
 A - a +0 pair of boots
 B - a +0 leather armour
 E - a +0 robe
Jewellery
 n - an amulet of the acrobat (around neck)
 v - a ring of positive energy (left hand)
Wands
 c - a wand of flame (12)
 d - a wand of enslavement (6)
 e - a wand of random effects (15)
Scrolls
 g - 2 scrolls of remove curse {unknown}
 k - a scroll of magic mapping {unknown}
 o - 2 scrolls of fear {unknown}
 t - a scroll of identify {unknown}
 z - a scroll of fog {unknown}
 C - a scroll of enchant weapon {unknown}
Potions
 s - 2 potions of heal wounds {unknown}
 w - a potion of curing {unknown}
 D - a potion of agility {unknown}
Comestibles
 f - 3 rations


   Skills:
 + Level 1.1 Fighting
 + Level 1.9 Short Blades
 + Level 3.4 Dodging
 + Level 2.1 Stealth
 + Level 4.5 Evocations


You had 2 spell levels left.
You didn't know any spells.
Your spell library was empty.

Dungeon Overview and Level Annotations

Branches:
Dungeon (2/15)

Altars:


Innate Abilities, Weirdness & Mutations

You are very small and have problems with some larger weapons.
You are too small for most types of armour.
You have supernaturally acute eyesight. (SInv)
You are a herbivore.
You cover ground extremely quickly.
You need to consume almost no food.


Message History

The leopard gecko bites you but does no damage.
You hit the leopard gecko but do no damage.
The leopard gecko misses you.
You barely miss the leopard gecko. The leopard gecko bites you.
Aiming: Throw Flame
Press: ? - help, Shift-Dir - straight line, f - leopard gecko
Aim: a leopard gecko The puff of flame misses the leopard gecko.
The leopard gecko bites you.
You barely miss the leopard gecko. The leopard gecko misses you.
The leopard gecko closely misses you.
You closely miss the leopard gecko. The leopard gecko bites you.
* * * LOW HITPOINT WARNING * * *
You completely miss the leopard gecko. The leopard gecko bites you.
* * * LOW HITPOINT WARNING * * *
You closely miss the leopard gecko. The leopard gecko misses you.
You barely miss the leopard gecko.
The leopard gecko completely misses you.
You closely miss the leopard gecko. The leopard gecko bites you.
You die...

#.# #+# #.# #.# #.#
#.# #.#
#.#.###.##########
#.#.....<.........
###.#####.#.##......
#..l....#.#.##......
#..@....#.#..'......
#.......#.####......
#.......#.# ##.....
#.......#.# ###.#.
#.......#.# #.#.
###.#####.#######.#.
#.............#.#.
#.#####.##.####.#.
### #.# # #...


You could see a leopard gecko.

Vanquished Creatures
  A dart slug (D:1)
  A leopard gecko (D:1)
  2 giant cockroaches (D:1)
  A goblin (D:1)
  2 hobgoblins
  2 jackals (D:2)
  7 bats
  A frilled lizard (D:1)
  3 kobolds
  8 rats
28 creatures vanquished.

Vanquished Creatures (collateral kills)
  A goblin (D:2)
  A bat (D:2)
2 creatures vanquished.

Vanquished Creatures (others)
  A hobgoblin (D:2)
  2 jackals (D:2)
  A bat (D:2)
  A kobold (D:2)
5 creatures vanquished.

Grand Total: 35 creatures vanquished

Notes
Turn   | Place    | Note
-------+----------+-------------------------------------------
     0 | D:1      | ramoff the Spriggan Artificer began the quest for the Orb.
     0 | D:1      | Reached XP level 1. HP: 9/9 MP: 4/4
   639 | D:1      | Reached XP level 2. HP: 14/14 MP: 6/6
   798 | D:1      | Reached skill level 1 in Fighting
  1558 | D:2      | Reached XP level 3. HP: 3/18 MP: 7/7
  1796 | D:2      | Slain by a leopard gecko

Skill      XL: |  1  2 |
---------------+-------+-----
Fighting       | 1 |  1.1
Stealth        | 2 |  2.1
Short Blades   | |  1.9
Dodging        | |  3.4
Evocations     | |  4.5

Action                   || total
-------------------------++-------
Melee: Short sword       ||   122
Evoke: Wand              ||    12
  Use: Potion            ||     1
 Stab: Sleeping          ||     2
  Eat: Ration            ||     2
Armor: Robe              ||    27
Dodge: Dodged            ||   176
